 Dungeon Crawl Stone Soup version 0.29.1-15-g9cfb28693d (webtiles) character file.

Game seed: 16246124129175060607

291 Arctor the Firebug (level 6, -3/34 HPs)
             Began as a Gargoyle Fire Elementalist on Feb 25, 2023.
             Killed from afar by an orc wizard (10 damage)
             ... with a magic dart
             ... on level 5 of the Dungeon.
             The game lasted 00:09:08 (5100 turns).

Arctor the Firebug (Gargoyle Fire Elementalist)     Turns: 5100, Time: 00:09:08

Health: -3/34      AC:  9    Str: 14      XL:     6   Next: 32%
Magic:  3/10       EV: 13    Int: 15 (18) God:
Gold:   161        SH:  0    Dex: 16      Spells: 6/11 levels left

rFire   + . .      SeeInvis .   (no weapon)
rCold   . . .      Faith    .   (no shield)
rNeg    + + +      Spirit   .   a - +0 robe
rPois   ∞          Reflect  .   (helmet restricted)
rElec   +          Harm     .   (no cloak)
rCorr   .          Rampage  .   (no gloves)
Will    .....                   l - +2 pair of boots of Daffodils {*Corrode rF+ Str+3 Dex+6}
Stlth   +++.......              e - amulet "Wotuxturr" {RegenMP Fragile rN++ Will- Regen+}
HPRegen 0.91/turn               (no ring)
MPRegen 0.52/turn               (no ring)

@: no status effects
A: sickness immunity, AC +4, negative energy resistance 1, electricity
resistance, torment resistance 1, petrification resistance, antennae 1, mutation
resistance 1, MP-powered wands
a: no special abilities


You were on level 5 of the Dungeon.
You visited 1 branch of the dungeon, and saw 5 of its levels.

You collected 161 gold pieces.

Inventory:

Armour
 a - a +0 robe (worn)
 l - the +2 pair of boots of Daffodils (worn) {*Corrode rF+ Str+3 Dex+6}
   (You found it on level 3 of the Dungeon)

   Str:       It affects your strength (+3).
   Dex:       It affects your dexterity (+6).
   rF:        It protects you from fire.
   *Corrode:  It may corrode you when you take damage.
Jewellery
 e - the amulet "Wotuxturr" (around neck) {RegenMP Fragile rN++ Will- Regen+}
   (You found it on level 4 of the Dungeon)

   [amulet of magic regeneration]

   It increases your rate of magic regeneration.
   rN:        It greatly protects you from negative energy.
   Regen:     It increases your rate of health regeneration.
   Fragile:   It will be destroyed if unequipped.
   Will:      It decreases your willpower.
Scrolls
 c - a scroll of fog
 g - a scroll of teleportation
Potions
 b - a potion of degeneration
 f - a potion of lignification
 k - 3 potions of heal wounds


   Skills:
 + Level 1.3 Fighting
 + Level 2.6 Dodging
 + Level 3.8 Stealth
 + Level 3.1 Spellcasting
 + Level 2.9 Conjurations
 + Level 4.0 Fire Magic


You had 6 spell levels left.
You knew the following spells:

 Your Spells              Type           Power      Damage    Failure   Level
a - Foxfire               Conj/Fire      48%        2x1d6     4%          1
b - Flame Wave            Conj/Fire      12%        2d6       43%         4

Your spell library contained the following spells:

 Spells                   Type           Power      Damage    Failure   Level
 Scorch                   Fire           28%        2d6       5%          2
 Conjure Flame            Conj/Fire      12%        6-21      14%         3
 Inner Flame              Hex/Fire       8%         N/A       26%         3
 Ensorcelled Hibernation  Hex/Ice        4%         N/A       30%         2
 Spider Form              Tmut/Pois      2%         N/A       52%         3
 Anguish                  Hex/Necr       1%         N/A       89%         4


Dungeon Overview and Level Annotations

Branches:
Dungeon (5/15)             Temple (0/1) D:4

Altars:
Kikubaaqudgha
Yredelemnul


Innate Abilities, Weirdness & Mutations

You are immune to sickness and miasma.
Your stone body is resilient. (AC +4)
You are immune to poison.
You resist negative energy. (rN+)
You are resistant to electric shocks. (rElec)
You are resistant to unholy torment.
You are immune to petrification.
You have a pair of small antennae on your head.
You are somewhat resistant to further mutation.
You expend magic power (3 MP) to strengthen your wands.


Message History

Your Fire Magic skill increases to level 4!
Casting: Flame Wave (extremely dangerous; 43% risk of failure)
Confirm with . or Enter, or press ? or * to list all spells.
The spell is extremely dangerous to miscast (43% risk of failure)!
Continue anyway?
Restarting spell: Flame Wave (extremely dangerous; 43% risk of failure)
Press: ? - help, Dir - look around, f - activate A wave of flame ripples out!
The flame wave engulfs the ogre!
The ogre is heavily wounded.
The flame wave engulfs the orc.
You kill the orc!
The flame wave engulfs something!
Reactivating autopickup.
You feel a bit more experienced. (Press . to intensify the flame waves.)
You hear a bark!
The ogre completely misses you.
Unknown command.
Casting: Flame Wave (extremely dangerous; 43% risk of failure)
Confirm with . or Enter, or press ? or * to list all spells.
You conjure some foxfire!
The foxfire hits the ogre.
The ogre is severely wounded.
The foxfire hits the ogre.
The ogre is severely wounded.
Casting: Foxfire (safe; 4% risk of failure)
Confirm with . or Enter, or press ? or * to list all spells.
You conjure some foxfire!
The ogre barely misses you.
The foxfire hits something.
Your foxfire dissipates!
A hound comes into view.
Found 7 gold pieces and a scroll labelled RUBBIA RUHUA.
The ogre attacks as you move away!
The ogre hits you with a +0 giant club!!
Ouch! That really hurt!
* * * LOW HITPOINT WARNING * * *
The hound bites you but does no damage.
A magic dart appears from out of thin air!
Deactivating autopickup; reactivate with Ctrl-A.
The magic dart hits you!
You die...

# ### .# ..#... . #
###.... #..#.##....
#.......h## .##
.......@.O### ###
..... ....?$##....#
##.##..... .#...
##.{†###........#
##. #.o)..........#
# ###....w..........
#......#.....#. ..
....#..>.#.....# #.#
....#....#.....##...
....................


You could see an ogre, a worm, a hound and an orc.

Vanquished Creatures
  A black bear (D:4)
  The ghost of erowe747 the Slasher, a weakling HuBe of Trog (D:4)
  A hound (D:5)
  An orc wizard (D:5)
  5 adders
  2 dart slugs
  2 worms
  An orc (D:5)
  5 bats
  3 endoplasms
  A giant cockroach (D:1)
  7 hobgoblins
  3 jackals (D:1)
  3 quokkas (D:3)
  5 ball pythons
  2 frilled lizards (D:1)
  6 goblins
  4 kobolds
  6 rats
59 creatures vanquished.

Vanquished Creatures (others)
  211 foxfires
211 creatures vanquished.

Grand Total: 270 creatures vanquished

Notes
Turn   | Place    | Note
-------+----------+-------------------------------------------
     0 | D:1      | Arctor the Gargoyle Fire Elementalist began the quest for
                  | the Orb.
     0 | D:1      | Reached XP level 1. HP: 10/10 MP: 3/3
   173 | D:1      | Reached XP level 2. HP: 15/15 MP: 3/5
  1036 | D:1      | Reached XP level 3. HP: 19/19 MP: 2/6
  1309 | D:2      | Found an ancient bone altar of Kikubaaqudgha.
  2393 | D:2      | Reached XP level 4. HP: 24/24 MP: 4/7
  3247 | D:3      | Identified the +2 pair of boots of Daffodils {*Corrode rF+
                  | Str+3 Dex+6}
  3271 | D:3      | Found a runed translucent door.
  3297 | D:3      | Noticed erowe747's ghost (weakling HuBe)
  3591 | D:4      | Gained mutation: You are covered in fur. (AC +1) [potion of
                  | mutation]
  3598 | D:4      | Killed erowe747's ghost
  3599 | D:4      | Reached XP level 5. HP: 11/28 MP: 5/9
  3945 | D:4      | Lost mutation: You are covered in fur. (AC +1) [potion of
                  | mutation]
  3945 | D:4      | Gained mutation: Your muscles are strong. (Str +4, Int/Dex
                  | -1) [potion of mutation]
  3945 | D:4      | Gained mutation: You are partially covered in iridescent
                  | scales. (AC +2) [potion of mutation]
  3945 | D:4      | Gained mutation: You are somewhat resistant to further
                  | mutation. [potion of mutation]
  3946 | D:4      | Lost mutation: Your muscles are strong. (Str +4, Int/Dex
                  | -1) [potion of mutation]
  3946 | D:4      | Lost mutation: You are somewhat resistant to further
                  | mutation. [potion of mutation]
  3946 | D:4      | Gained mutation: You are agile. (Dex +4, Str/Int -1)
                  | [potion of mutation]
  3946 | D:4      | Gained mutation: You have hidden genetic potential. [potion
                  | of mutation]
  3947 | D:4      | Lost mutation: You are agile. (Dex +4, Str/Int -1) [potion
                  | of mutation]
  3947 | D:4      | Lost mutation: You are partially covered in iridescent
                  | scales. (AC +2) [potion of mutation]
  3947 | D:4      | Lost mutation: You have hidden genetic potential. [potion
                  | of mutation]
  3947 | D:4      | Gained mutation: You have large cloven feet. [potion of
                  | mutation]
  3948 | D:4      | Lost mutation: You have large cloven feet. [potion of
                  | mutation]
  3948 | D:4      | Gained mutation: Your magical capacity is low. (-10% MP)
                  | [potion of mutation]
  3948 | D:4      | Gained mutation: You are frail. (-10% HP) [potion of
                  | mutation]
  3948 | D:4      | Gained mutation: Your muscles are strong. (Str +4, Int/Dex
                  | -1) [potion of mutation]
  3949 | D:4      | Lost mutation: Your muscles are strong. (Str +4, Int/Dex
                  | -1) [potion of mutation]
  3949 | D:4      | Lost mutation: You are frail. (-10% HP) [potion of
                  | mutation]
  3949 | D:4      | Lost mutation: Your magical capacity is low. (-10% MP)
                  | [potion of mutation]
  3949 | D:4      | Gained mutation: Your large and strong wings let you fly.
                  | [potion of mutation]
  3949 | D:4      | Gained mutation: You are robust. (+10% HP) [potion of
                  | mutation]
  3949 | D:4      | Gained mutation: You occasionally lose the ability to read
                  | scrolls when taking damage. [potion of mutation]
  3949 | D:4      | Gained mutation: You have a pair of small antennae on your
                  | head. [potion of mutation]
  3950 | D:4      | Lost mutation: You occasionally lose the ability to read
                  | scrolls when taking damage. [potion of mutation]
  3950 | D:4      | Lost mutation: Your large and strong wings let you fly.
                  | [potion of mutation]
  3950 | D:4      | Lost mutation: You are robust. (+10% HP) [potion of
                  | mutation]
  3950 | D:4      | Gained mutation: You expend magic power (3 MP) to
                  | strengthen your wands. [potion of mutation]
  3950 | D:4      | Gained mutation: You are somewhat resistant to further
                  | mutation. [potion of mutation]
  4009 | D:4      | Found a basalt altar of Yredelemnul.
  4041 | D:4      | Learned a level 4 spell: Flame Wave
  4365 | D:4      | Noticed a black bear
  4402 | D:4      | Killed a black bear
  4403 | D:4      | Reached skill level 1 in Fighting
  4403 | D:4      | Reached XP level 6. HP: 21/34 MP: 0/10
  4799 | D:4      | Identified the amulet "Wotuxturr" {RegenMP Fragile rN++
                  | Will- Regen+}
  4956 | D:4      | Found a staircase to the Ecumenical Temple.
  5055 | D:5      | Entered Level 5 of the Dungeon
  5095 | D:5      | Reached skill level 4 in Fire Magic
  5100 | D:5      | Killed from afar by an orc wizard

Illustrated notes

Levels and vault maps discovered:
D:1:      minmay_arrival_cross, layout_loops_ring, minmay_ruptured
D:2:      layout_basic, basic_altar
D:3:      layout_loops_ring, ebering_ghost_sewer_f
D:4:      layout_loops_cross, mainiacjoe_overflow_concentric_impassable,
          temple_statues
D:5:      layout_cave_pools, gammafunk_temple_overflow_statue

Skill      XL: |  1  2  3  4  5  6 |
---------------+-------------------+-----
Dodging        | 2 |  2.6
Conjurations   | 2 |  2.9
Stealth        | 3 |  3.8
Fighting       | 1 |  1.3
Spellcasting   | 3 |  3.1
Fire Magic     | 4 |  4.0

Action                   |  1- 3 |  4- 6 || total
-------------------------+-------+-------++-------
Melee: Unarmed           |     4 |    14 ||    18
 Cast: Foxfire           |    63 |    76 ||   139
       Flame Wave        |       |     3 ||     3
  Use: Potion            |       |    16 ||    16
       Scroll            |       |     5 ||     5
Armor: Robe              |    20 |    32 ||    52
       Skin              |       |    26 ||    26
Dodge: Dodged            |    55 |    58 ||   113
